 Dungeon Crawl Stone Soup version 0.30-a0-122-g2a1322497e (webtiles) character file.

Game seed: 4765618444562772585

55 LnG the Trooper (level 3, -2/34 HPs)
             Began as a Hill Orc Fighter on Sept 16, 2022.
             Slain by a worm (3 damage)
             ... on level 1 of the Dungeon.
             The game lasted 00:05:15 (1271 turns).

LnG the Trooper (Hill Orc Fighter)                  Turns: 1271, Time: 00:05:16

Health: -2/34      AC:  0    Str: 20    XL:     3   Next: 93%
Magic:  3/3        EV: 13    Int:  8    God:
Gold:   72         SH:  0    Dex: 10    Spells: 2/2 levels left

rFire   . . .      SeeInvis .    (weapon currently unavailable)
rCold   . . .      Faith    .    (shield currently unavailable)
rNeg    . . .      Spirit   .    (body armour currently unavailable)
rPois   .          Reflect  .    (helmet currently unavailable)
rElec   .          Harm     .    (cloak currently unavailable)
rCorr   .          Rampage  .    (gloves currently unavailable)
Will    .....                    (boots currently unavailable)
Stlth   +.........               (no amulet)
HPRegen 0.11/turn                (ring currently unavailable)
MPRegen 0.08/turn                (ring currently unavailable)

@: about to teleport, pig-form, very quick
A: fast, no casting, small
a: no special abilities


You were on level 1 of the Dungeon.
You were a filthy swine.
You visited 1 branch of the dungeon, and saw 2 of its levels.

You collected 72 gold pieces.

Inventory:

Hand Weapons
 a - a +0 war axe (melded)
Armour
 b - a +0 scale mail (melded)
 c - a +0 buckler (melded)
Scrolls
 g - a scroll of teleportation
Potions
 d - a potion of might
 e - a potion of flight {unknown}
 f - a potion of degeneration {unknown}


   Skills:
 + Level 4.3 Fighting
 + Level 4.0 Axes
 + Level 3.6 Armour
 + Level 3.6 Shields


You had 2 spell levels left.
You didn't know any spells.
Your spell library was empty.

Dungeon Overview and Level Annotations

Branches:
Dungeon (2/15)

Altars:

Annotations:
D:1 Robin


Message History

The kobold hits you but does no damage. The goblin barely misses you. x2
Robin zaps a wand.
You resist with significant effort.
You hit Robin.
Robin is heavily wounded.
You hit the kobold.
You kill the kobold!
You closely miss the goblin. You slash the goblin!
You kill the goblin!
Robin throws the goblin at you! You block the goblin's attack.
You barely miss Robin.
Robin is heavily wounded.
You closely miss the goblin. The goblin hits you but does no damage.
Robin drinks a potion.
Robin is healed!
You closely miss Robin. You slash the goblin!
You kill the goblin!
You hit the worm. You block Robin's attack. The worm misses you.
Robin zaps a wand.
You resist with significant effort.
You hit Robin.
Robin is lightly wounded.
You hit the worm.
Robin zaps a wand.
You turn into a filthy swine.
Your +0 war axe melds into your body.
Your +0 buckler melds into your body.
Your +0 scale mail melds into your body.
The worm bites you.
You hit Robin but do no damage.
Robin is lightly wounded.
Robin hits you with a +0 whip. The worm bites you!
* * * LOW HITPOINT WARNING * * *
Robin hits you with a +0 whip.
* * * LOW HITPOINT WARNING * * *
You climb upwards.
There is a stone staircase leading down, spattered with blood here.
As you read the scroll labelled HICOISULYX, it crumbles to dust.
You feel strangely unstable.
It was a scroll of teleportation.
Robin hits you with a +0 whip.
* * * LOW HITPOINT WARNING * * *
You hit Robin but do no damage.
Robin is lightly wounded.
The worm bites you.
You die...

..#..###.## #............††...#
.###.# #.# ##.###.#......###.#
..##.# #.# #............# #.#
⌠.##.# #.#########.#.#....###.#
..##.###.##.............#.....#
###...##.##.##.#.###.##########
..#............#...#.#
<.#..........#####...#
..####.#####...#hg.### '## #.#
###.#w### .# #.# #...# ## #.#
##### # #.# # #.# ######.#
.....).# ########


You could see a worm and Robin.

Vanquished Creatures
  2 dart slugs (D:1)
  3 ball pythons (D:1)
  2 endoplasms (D:1)
  4 giant cockroaches (D:1)
  13 goblins
  4 hobgoblins
  2 jackals (D:1)
  A quokka (D:1)
  6 bats (D:1)
  2 frilled lizards (D:1)
  3 kobolds
  2 rats (D:1)
44 creatures vanquished.

Notes
Turn   | Place    | Note
-------+----------+-------------------------------------------
     0 | D:1      | LnG the Hill Orc Fighter began the quest for the Orb.
     0 | D:1      | Reached XP level 1. HP: 19/19 MP: 1/1
   157 | D:1      | Reached XP level 2. HP: 26/27 MP: 2/2
   425 | D:1      | Reached XP level 3. HP: 33/33 MP: 3/3
   957 | D:2      | Noticed Robin
   970 | D:1      | HP: 1/33 [goblin/+0 dagger[Robin] (2)]
  1270 | D:1      | HP: 1/34 [Robin/+0 whip (2)]
  1271 | D:1      | Slain by a worm

Illustrated notes

Levels and vault maps discovered:
D:1:      minmay_arrival_nine_rooms, layout_loops_ring, minmay_worlds_worst_comb
D:2:      minmay_razor_zed, layout_basic, dilly_ecumenical_altar_fadedgnrine,
          uniq_terence, uniq_natasha, uniq_robin

Skill      XL: |  1  2  3 |
---------------+----------+-----
Axes           | 3 4 |  4.0
Fighting       | 4 |  4.3
Armour         | |  3.6
Shields        | |  3.6

Action                   || total
-------------------------++-------
Melee: War axe           ||    98
       Unarmed           ||     2
  Use: Scroll            ||     1
Armor: Scale mail        ||    56
Dodge: Dodged            ||    65
Block: Buckler           ||    41

Table legend: (Time is in decaauts)
 A = Elapsed time spent in this place.
 B = Non-inter-level travel time spent in this place.
 C = Inter-level travel time spent in this place.
 D = Time resting spent in this place.
 E = Time spent auto-exploring this place.
 F = Levels seen in this place.
 G = Mean time per level.
                   A        B        C        D        E       F      G
               +--------+--------+--------+--------+--------+-----+--------+
         Total |   1306 |   1203 |    103 |    286 |    506 |   2 |  653.0 |
       Dungeon |   1306 |   1203 |    103 |    286 |    506 |   2 |  653.0 |
               +--------+--------+--------+--------+--------+-----+--------+

Top non-repeatable levels by time:
     D:1: 1286 daAuts
     D:2: 20 daAuts
